 Dungeon Crawl Stone Soup version 0.26.0-10-g1f06aea511 (webtiles) character file.

Game seed: 13262505962539208546

196 Borgoz the Slasher (level 5, -3/45 HPs)
             Began as a Ghoul Gladiator on Jan 18, 2021.
             Slain by an ogre
             ... wielding a +0 giant spiked club
              (20 damage)
             ... on level 4 of the Dungeon.
             The game lasted 00:02:56 (3206 turns).

Borgoz the Slasher (Ghoul Gladiator)                Turns: 3206, Time: 00:02:57

Health: -3/45      AC:  8    Str: 18    XL:     5   Next: 75%
Magic:  4/4        EV: 11    Int:  3    God:
Gold:   172        SH:  0    Dex: 11    Spells: 4/4 levels left

rFire    . . .     SeeInvis .   a - +0 long sword
rCold    + . .     Faith    .   f - +0 buckler
rNeg     + + +     Spirit   .   o - +0 ring mail
rPois    ∞         Reflect  .   c - +1 helmet
rElec    .         Harm     .   s - +0 cloak
rCorr    +         Rampage  .   (no gloves)
Will     .....                  (no boots)
Stlth    ..........             (no amulet)
HPRegen  0.00/turn              p - ring of resist corrosion
MPRegen  0.09/turn              (no ring)

@: confused
A: claws 1, cold resistance 1, negative energy resistance 3, inhibited
regeneration, torment resistance, unbreathing
a: no special abilities


You were on level 4 of the Dungeon.
You visited 1 branch of the dungeon, and saw 4 of its levels.

You collected 172 gold pieces.

Inventory:

Hand Weapons
 a - a +0 long sword (weapon)
Missiles
 d - 3 throwing nets (quivered)
Armour
 c - a +1 helmet (worn)
 f - a +0 buckler (worn)
 o - a +0 ring mail (worn)
 s - a +0 cloak (worn)
Jewellery
 p - a ring of resist corrosion (left claw)
Scrolls
 i - 3 scrolls of remove curse {unknown}
 j - a scroll of enchant armour
 l - 2 scrolls of teleportation {unknown}
 n - a scroll of fear {unknown}
 q - a scroll of random uselessness {unknown}
Potions
 b - 2 potions of curing
 e - a potion of mutation {unknown}
 h - a potion of might {unknown}
 k - a potion of heal wounds {unknown}
 m - a potion of invisibility
 r - a potion of brilliance


   Skills:
 + Level 3.2 Fighting
 * Level 3.9 Long Blades
 - Level 1.7 Throwing
 * Level 2.5 Armour
 + Level 3.3 Dodging


You had 4 spell levels left.
You didn't know any spells.
Your spell library was empty.

Dungeon Overview and Level Annotations

Branches:
Dungeon (4/15)
 Temple: D:4-7

Altars:
Ashenzari
Dithmenos
Gozag
Ru
Sif Muna
Xom


Innate Abilities, Weirdness & Mutations

You thrive by killing the living.
You are immune to poison.
You have sharp fingernails.
Your flesh is cold resistant. (rC+)
You are immune to negative energy. (rN+++)
You do not regenerate when monsters are visible.
You are immune to unholy pain and torment.
You can survive without breathing.


Message History

You slash the giant cockroach!
You kill the giant cockroach!
You feel better.
You are confused.
You feel invigorated.
The ogre hits you with a +0 giant spiked club!
* * * LOW HITPOINT WARNING * * *
You closely miss the ogre.
The ogre is heavily wounded.
The ogre barely misses you.
You see here a robe.
You bump into the rock wall.
You feel less invigorated.
You feel less confused.
The ogre hits you with a +0 giant spiked club!!
* * * LOW HITPOINT WARNING * * *
You are confused.
You feel invigorated.
You bump into the rock wall.
The ogre hits you with a +0 giant spiked club!!
You die...

#.#.# #.# .
#$#.######.# .
#.#.#<.....# ..
#.#.######### ..
#.#.........# ...
#.#########.#
(..############.###
#.#
..................##
#.#
..>.............@..##
#.#
##.##############O..#
#.# # #.#.## #)#
#w#..####.##
#..........#
........##..######
#######.###.# #.# #.#
#.# #..


You could see an ogre and a worm.

Vanquished Creatures
  A scorpion (D:4)
  Robin (D:2)
  5 adders
  A shadow imp (D:3)
  4 worms
  A dart slug (D:1)
  A leopard gecko (D:1)
  An orc (D:3)
  7 bats
  6 giant cockroaches
  13 hobgoblins
  A quokka (D:4)
  2 frilled lizards
  11 goblins
  7 kobolds
  A leopard gecko skeleton (D:4)
  3 rats
66 creatures vanquished.

Notes
Turn   | Place    | Note
-------+----------+-------------------------------------------
     0 | D:1      | Borgoz the Ghoul Gladiator began the quest for the Orb.
     0 | D:1      | Reached XP level 1. HP: 17/17 MP: 0/0
   200 | D:1      | Reached XP level 2. HP: 23/24 MP: 1/1
   310 | D:1      | Reached skill level 1 in Armour
   960 | D:2      | Reached XP level 3. HP: 30/30 MP: 2/2
   961 | D:2      | Found a shadowy altar of Dithmenos.
  1185 | D:2      | Noticed Robin
  1398 | D:3      | Reached XP level 4. HP: 11/37 MP: 3/3
  1749 | D:2      | Killed Robin
  2346 | D:3      | Reached XP level 5. HP: 28/45 MP: 4/4
  2552 | D:3      | Found a shimmering blue altar of Sif Muna.
  2552 | D:3      | Found an opulent altar of Gozag.
  2553 | D:3      | Found a shimmering altar of Xom.
  2554 | D:3      | Found a broken altar of Ashenzari.
  2554 | D:3      | Found a sacrificial altar of Ru.
  3187 | D:4      | Noticed an ogre
  3206 | D:4      | Slain by an ogre

Illustrated notes

Levels and vault maps discovered:
D:1:      scummos_arrival_star, layout_loops_ring, minmay_misc_feat_roman,
          minmay_3d_cube
D:2:      layout_rooms, overflow_temple_1_default, uniq_robin
D:3:      layout_loops_ring, grunt_temple_overflow_open,
          wad_floor_pattern_untrapped, wad_rectangle_vault
D:4:      layout_basic, minmay_temple_entry_drinking_statues, serial_shops,
          shop_fountains

Skill      XL: |  1  2  3  4 |
---------------+-------------+-----
Armour         | 1 2 |  2.5
Long Blades    | 3 |  3.9
Dodging        | 3 |  3.3
Fighting       | 3 |  3.2
Throwing       | |  1.7

Action                   |  1- 3 |  4- 6 || total
-------------------------+-------+-------++-------
Melee: Long sword        |   117 |   123 ||   240
Throw: Throwing net      |       |     2 ||     2
  Use: Scroll            |     4 |     5 ||     9
       Potion            |       |     2 ||     2
 Stab: Distracted        |     1 |       ||     1
Armor: Leather armour    |    29 |       ||    29
       Ring mail         |    31 |    59 ||    90
Dodge: Dodged            |    81 |   109 ||   190
Block: Buckler           |    18 |    15 ||    33
       Rpst.: Long sword |    19 |    24 ||    43
